 Dungeon Crawl Stone Soup version 0.30-b1-2-g02819fbbbe (webtiles) character file.

Game seed: 3687380903156628559

18 redmage the Digger (level 3, -1/26 HPs)
             Began as a Meteoran Earth Elementalist on Sept 22, 2023.
             Slain by a black bear (9 damage)
             ... on level 5 of the Dungeon.
             The game lasted 00:02:42 (215 turns).

redmage the Digger (Meteoran Earth Elementalist)     Turns: 215, Time: 00:02:42

Health: -1/26      AC:  2    Str: 10    XL:     3   Next: 8%
Magic:  4/8        EV: 12    Int: 18    God:
Gold:   50         SH:  0    Dex: 14    Spells: 2/8 levels left

rFire   . . .        (no weapon)
rCold   . . .        (no shield)
rNeg    . . .        a - +0 robe
rPois   .            (no helmet)
rElec   .            (no cloak)
rCorr   .            (no gloves)
SInv    .            (no boots)
Will    .....        (no amulet)
Stlth   +            (no ring)
HPRegen 0.24/turn    (no ring)
MPRegen 0.11/turn

%: no passive effects
@: very slightly contaminated, glowing
A: sense surroundings 1, otherworldly, glowing, explore regen
a: no special abilities


You were on level 5 of the Dungeon.
You visited 1 branch of the dungeon, and saw 5 of its levels.

You collected 50 gold pieces.

Inventory:

Armour
 a - a +0 robe (worn)
Scrolls
 c - a scroll of butterflies {unknown}
 e - a scroll of magic mapping {unknown}
 f - a scroll of identify {unknown}
 h - a scroll of silence {unknown}
Potions
 b - 2 potions of magic
 d - 2 potions of mutation {unknown}
 g - 3 potions of curing {unknown}


   Skills:
 - Level 2.4 Dodging
 - Level 1.4 Stealth
 + Level 3.4 Spellcasting
 + Level 0.0 Conjurations
 - Level 1.2 Transmutations
 + Level 4.2 Earth Magic


You had 2 spell levels left.
You knew the following spells:

 Your Spells              Type           Power      Damage    Failure   Level
a - Sandblast             Erth           36%        2d10      2%          1
b - Passwall              Tmut/Erth      10%        N/A       8%          2
c - Stone Arrow           Conj/Erth      20%        3d8       21%         3

Your spell library contained the following spells:

 Spells                   Type           Power      Damage    Failure   Level
 Petrify                  Tmut/Erth      12%        N/A       45%         4


Dungeon Overview and Level Annotations

Branches:
Dungeon (5/15) Zot: 2776
 Temple: D:4-7

Altars:
Uskayaw


Innate Abilities, Weirdness & Mutations

You passively map a small area around you.
You are easily found by Zot.
You glow in the dark.
You regain HP and MP as you explore.


Message History

The black bear is heavily wounded.
Unknown command.
Casting: Sandblast (safe; 2% risk of failure)
Confirm with . or Enter, or press ? or * to list all spells.
Aiming: Sandblast (safe; 2% risk of failure)
Press: ? - help, Shift-Dir - straight line, f/p - black bear
Aim: a black bear (heavily wounded, 87% to hit)
You miscast Sandblast.
You are very lightly contaminated with residual magic.
Nothing appears to happen.
The black bear bites you. The black bear claws you. x2
Casting: Sandblast (safe; 2% risk of failure)
Confirm with . or Enter, or press ? or * to list all spells.
Aiming: Sandblast (safe; 2% risk of failure)
Press: ? - help, Shift-Dir - straight line, f/p - black bear
Aim: a black bear (heavily wounded, 87% to hit)
The blast of sand hits the black bear!
The black bear is severely wounded.
The black bear misses you. The black bear claws you. x2
Unknown command.
Unknown command.
Casting: Sandblast (safe; 2% risk of failure)
Confirm with . or Enter, or press ? or * to list all spells.
Aiming: Sandblast (safe; 2% risk of failure)
Press: ? - help, Shift-Dir - straight line, f/p - black bear
Aim: a black bear (severely wounded, 87% to hit)
The blast of sand hits the black bear.
The black bear is severely wounded.
The black bear bites you but does no damage.
The black bear claws you. x2; The black bear goes berserk!
Unknown command.
Casting: Sandblast (safe; 2% risk of failure)
Confirm with . or Enter, or press ? or * to list all spells.
Aiming: Sandblast (safe; 2% risk of failure)
Press: ? - help, Shift-Dir - straight line, f/p - black bear
Aim: a black bear (severely wounded, berserk, 87% to hit)
The blast of sand hits the black bear.
The black bear is almost dead.
The black bear bites you. The black bear closely misses you.
The black bear misses you. The black bear bites you!
You die...

,
#.........#
,
#.........#
,
#.........#
######....#
, , *
#...#....#**
, #...'....#
* , ,
#...#....# *
** , ###
#....# , *
,,,,#@h..#,
* #....# ,
+........ ,
,#........ ,
, ,
#........ ,*
, , , , ,
#........ ,
,#........ ,
#........ ,,
+


You could see a black bear (berserk).

Vanquished Creatures
  An adder (D:2)
  A dart slug (D:3)
  2 giant cockroaches (D:3)
  A goblin (D:1)
  2 hobgoblins (D:3)
7 creatures vanquished.

Notes
Turn   | Place    | Note
-------+----------+-------------------------------------------
     0 | D:1      | redmage the Meteoran Earth Elementalist began the quest for
                  | the Orb.
     0 | D:1      | Reached XP level 1. HP: 14/14 MP: 5/5
    52 | D:2      | Reached skill level 4 in Earth Magic
    52 | D:2      | Reached XP level 2. HP: 15/20 MP: 4/7
    55 | D:2      | Learned a level 2 spell: Passwall
    89 | D:3      | Reached XP level 3. HP: 15/26 MP: 2/8
    94 | D:3      | Learned a level 3 spell: Stone Arrow
   144 | D:4      | Found a hide-covered altar of Uskayaw.
   171 | D:5      | Entered Level 5 of the Dungeon
   209 | D:5      | Noticed a black bear
   215 | D:5      | Slain by a black bear

Illustrated notes

Levels and vault maps discovered:
D:1:      minmay_arrival_semitransparent, layout_basic,
          ebering_ecumenical_altar_hall
D:2:      layout_loops_ring, minmay_misc_feat_rows, nrook_loot_triangle,
          minmay_liquid_box, uniq_terence
D:3:      layout_basic, kiku_gazebo_garden_becter, serial_shops,
          nicolae_shop_statue_plus, glass_columns_a
D:4:      layout_loops_ring, kennysheep_mini, mainiacjoe_overflow_24_doors,
          grunt_temple_overflow_diamond, minmay_temple_entry_ruins,
          item_on_display_a
D:5:      layout_gridville, nicolae_nh_ransacked_shop, uniq_duvessa,
          uniq_eustachio

Skill      XL: |  1 |
---------------+----+-----
Spellcasting   | 3 |  3.4
Earth Magic    | 4 |  4.2
Dodging        | |  2.4
Stealth        | |  1.4
Transmutations | |  1.2

Action                     || total
---------------------------++-------
   Cast: Sandblast         ||    16
         Passwall          ||     2
 Armour: Robe              ||     1
  Dodge: Dodged            ||     6
